AoeStats
← Horizon

Arabia

507936252Analyzed
1v1 RM · 12d ago on Sep 20, 2026· 37m 10s· 2 players
Game mode
Random Map
Map size
Tiny (2 player)
Population
200
Speed
Normal
Resources
Standard
Victory
Conquest
Starting age
Dark Age
Ending age
Imperial Age
RankedLock teamsTeams togetherTeam positionsShared explorationLock speedFull tech treeHidden civsTurbo modeCheats
Victory
Defeat
🇵🇰 Mongols · Pakistan
1504
+16
🇸🇮 Mongols · Slovenia
1501
-16
LOVRICEK BOVRICEK
5:49 Loom
8:23 Feudal Age
10:53 Fletching
19:13 Double-Bit Axe
23:33 Castle Age
22:48 Padded Archer Armor
22:50 Gold Mining
24:43 Bloodlines
25:17 Bodkin Arrow
26:24 Leather Archer Armor
29:40 Elite Skirmisher
33:24 Thumb Ring
Horizon
5:05 Loom
8:27 Feudal Age
9:01 Double-Bit Axe
13:08 Fletching
21:32 Castle Age
19:42 Horse Collar
20:53 Padded Archer Armor
21:18 Stone Mining
25:34 Bow Saw
27:18 Elite Skirmisher
29:21 Leather Archer Armor
33:29 Ballistics
33:06 Bodkin Arrow
36:17 Husbandry
37:50 Wheelbarrow
37:01 Town Watch
Connection lost

Rejoining the realm…

Still unreachable

The connection could not be restored.

Session expired

The server has moved on; the page needs a fresh start.